Stars vs Griffins

Created - 16 avril 2024 at 08:15

Goals
1 2 3 T
Stars 1 0 4 5
Griffins 0 1 0 1
Shots
1 2 3 T
Stars 7 14 11 32
Griffins 18 22 6 46

GoalsPenalties
1st period
1. Stars , Joona Koppanen 3 (Kevin Connauton 6) at 5:26
Ilya Solovyov (DAL) for Hooking (Minor) at 8:11
2nd period
2. Griffins , Jakob Pelletier 6 (T.J. Tynan 7) at 0:06
Ilya Solovyov (DAL) for Hooking (Minor) at 17:37
3rd period
3. Stars , Riley Sheahan 1 (Nikita Nesterenko 6) at 12:34
4. Stars , Riley Sheahan 2 (Nikita Nesterenko 7, Calle Rosen 5) at 13:42
5. Stars , Martin Frk 8 (Riley Sheahan 3) at 15:40 (PP)
6. Stars , Joona Koppanen 4 (Kevin Connauton 7, Joel L'Esperance 3) at 16:18
Calle Rosen (DAL) for Hooking (Minor) at 2:11
Eddie Wittchow (DAL) for Holding Stick (Minor) at 4:52
Martin Frk (DAL) for Interference (Minor) at 7:56
Chris Wideman (DET) for Roughing (Minor) at 14:39
Nikita Nesterenko (DAL) for Hooking (Minor) at 18:03
Goalie Stats
Dustin Tokarski (DAL), 45 saves from 46 shots - (0,978), W, 9-4-2, 60:00 minutes
Mads Sogaard (DET), 27 saves from 32 shots - (0,844), L, 9-3-2, 60:00 minutes
3 StarsOfficial
1 - Dustin Tokarski (DAL)
2 - Riley Sheahan (DAL)
3 - Joona Koppanen (DAL)
Referees : Katie Guay and Kevin Pollock
Linesman : Trent Knorr and Bryan Pancich
Game Note
No Game Note



Team Name Goals Shots Shots Attemp Shots Blocked PIM HIT PP PK FO%
Stars 532631712131 / 1 (100%)054%
Griffins 14682122270 / 6 (0%)146%

Stars
Player Name POS G A P +/- PIM HIT SHT SB MP PP MP PP SHT PK MP PK SHT FO% FOT GA TA
Adam BrooksC000001008:230:0000:00040% 510
Calle RosenD0112201225:311:0105:4900% 011
Drake CaggiulaLW/RW000-1002223:020:3916:2610% 220
Eddie WittchowD0000201412:180:0000:000100% 101
Ethan ProwD0001011221:290:0004:3900% 001
Ethen FrankRW000001218:230:0000:0000% 000
Ilya SolovyovD0000401213:010:0001:1200% 001
Jayson MegnaC/LW/RW000-1025123:020:3906:26058% 4311
Jesper FrodenRW000201109:410:0000:0000% 000
Joel L'EsperanceC/RW0112032015:180:0003:54025% 400
Joona KoppanenC/LW2022024011:090:0001:2810% 001
Justin BrazeauRW0002003013:170:2201:31050% 200
Kevin ConnautonD0222001226:551:0107:1200% 021
Martin FrkRW101-1211017:200:3910:000100% 100
Nikita NesterenkoC/LW0222201011:450:2200:0000% 100
Riley SheahanC/LW2132003017:260:2203:57060% 1000
Ryan SheaD0001011121:400:0004:5000% 000
Zac DalpeC/RW000000208:230:0000:000100% 100
Griffins
Player Name POS G A P +/- PIM HIT SHT SB MP PP MP PP SHT PK MP PK SHT FO% FOT GA TA
Chris WidemanD000-2237224:387:1820:0000% 020
Cole SchwindtC/RW0000036120:175:4810:41047% 1900
Emil HeinemanLW000-2030011:530:0000:0000% 001
Jack ThompsonD000-2022317:290:0000:4100% 000
Jacob MacDonaldD0000002117:564:3300:2000% 001
Jacob PerreaultRW000000006:530:0000:0000% 010
Jakob PelletierLW101-1006021:186:0300:410100% 111
Jeff KubiakC000-2011012:000:0700:00040% 500
Jiri KulichC/LW0000002019:365:4800:0000% 110
Jordan SpenceD000-1021022:044:3300:0000% 000
Joseph LaBateLW000001307:130:0000:201100% 200
Logan StanleyD000-1021125:167:1800:4100% 011
Markus NurmiLW/RW000-2002011:530:0000:0000% 110
Mason GeertsenLW000001006:530:0000:000100% 100
Matthew KesselD0000011112:360:0000:2000% 000
T.J. TynanC011-1024220:305:5620:00045% 3803
Tim GettingerLW/RW0000032019:365:4800:0000% 000
Zack KassianRW000-1036120:576:0340:2000% 200

Stars

5 vs 5 Forward
Line #Left WingCenterRight WingPHYDFOFWanted %Time %Time Play
1Drake CaggiulaJayson MegnaMartin Frk1224034%15:57
2Nikita NesterenkoRiley SheahanJustin Brazeau1223028%13:07
3Joona KoppanenJoel L'EsperanceJesper Froden1222021%9:41
4Zac DalpeAdam BrooksEthen Frank1221018%8:23
5 vs 5 Defense
Line #DefenseDefensePHYDFOFWanted %Time %Time Play
1Calle RosenKevin Connauton1224040%18:42
2Ryan SheaEthan Prow1223536%16:50
3Ilya SolovyovEddie Wittchow1222525%11:36
4Calle RosenKevin Connauton12200%0:00
Power Play Forward
Line #Left WingCenterRight WingPHYDFOFWanted %Time %Time Play
1Drake CaggiulaJayson MegnaMartin Frk1226064%0:39
2Nikita NesterenkoRiley SheahanJustin Brazeau1224036%0:22
Power Play Defense
Line #DefenseDefensePHYDFOFWanted %Time %Time Play
1Calle RosenKevin Connauton12260100%1:01
2Ryan SheaEthan Prow122400%0:00
Penalty Kill 4 Players Forward
Line #CenterWingPHYDFOFWanted %Time %Time Play
1Jayson MegnaDrake Caggiula1226069%8:10
2Riley SheahanJoel L'Esperance1224031%3:41
Penalty Kill 4 Players Defense
Line #DefenseDefensePHYDFOFWanted %Time %Time Play
1Calle RosenKevin Connauton1226061%7:12
2Ethan ProwRyan Shea1224039%4:39
Penalty Kill 3 Players
Line #WingPHYDFOFWanted %Time %Time PlayDefenseDefensePHYDFOFWanted %Time %Time Play
1Jayson Megna122600%0:00 Calle RosenKevin Connauton122600%0:00
2Riley Sheahan122400%0:00 Ryan SheaEthan Prow122400%0:00
4 vs 4 Forward
Line #CenterWingPHYDFOFWanted %Time %Time Play
1Jayson MegnaNikita Nesterenko122600%0:00
2Riley SheahanDrake Caggiula122400%0:00
4 vs 4 Defense
Line #DefensePHYDFOFWanted %Time %Time Play
1Calle RosenKevin Connauton122600%0:00
2Ethan ProwRyan Shea122400%0:00
Last Minutes Offensive
Left WingCenterRight WingDefenseDefense
Drake CaggiulaJayson MegnaMartin FrkCalle RosenKevin Connauton
Last Minutes Defensive
Left WingCenterRight WingDefenseDefense
Nikita NesterenkoJayson MegnaMartin FrkCalle RosenKevin Connauton
Time
Total ForwardTotal DefenseLast Minutes OffensiveLast Minutes Defensive
60:00 60:00 0:000:00
Extra Forwards
Normal PowerPlayPenalty Kill
Justin Brazeau, Jesper Froden, Ethen FrankJustin Brazeau, Jesper FrodenJustin Brazeau
Extra Defensemen
Normal PowerPlayPenalty Kill
Ryan Shea, Ilya Solovyov, Eddie WittchowRyan Shea, Ryan SheaIlya Solovyov
Penalty Shots
Jayson Megna, Riley Sheahan, Drake Caggiula, Martin Frk, Justin Brazeau
Goalie
Dustin Tokarski, Anton Khudobin
Scratches
Jimmy Huntington (Healthy), Josh Melnick (Healthy), Austin Wagner (Healthy), Joseph Cecconi (Healthy), Sam Anas (Healthy) Zach Senyshyn (Healthy), Cameron Crotty (Healthy), Cole Maier (Healthy), Byron Froese (Healthy), Felix Robert (Healthy) Chris Terry (Bruised Right Leg Injury), Cole Clayton (Healthy), Marc McLaughlin (Healthy), Peetro Seppala (Healthy), Tyler Inamoto (Healthy) Matthew Murray (Healthy)

Griffins

5 vs 5 Forward
Line #Left WingCenterRight WingPHYDFOFWanted %Time %Time Play
1Jakob PelletierT.J. TynanZack Kassian0323531%14:34
2Jiri KulichCole SchwindtTim Gettinger0323429%13:48
3Emil HeinemanJeff KubiakMarkus Nurmi0322625%11:53
4Mason GeertsenJoseph LaBateJacob Perreault032515%6:53
5 vs 5 Defense
Line #DefenseDefensePHYDFOFWanted %Time %Time Play
1Logan StanleyJordan Spence0323537%17:17
2Chris WidemanJack Thompson0323435%16:30
3Jacob MacDonaldMatthew Kessel0322626%12:16
4Chris WidemanJack Thompson03252%1:05
Power Play Forward
Line #Left WingCenterRight WingPHYDFOFWanted %Time %Time Play
1Jakob PelletierT.J. TynanZack Kassian1045351%6:03
2Jiri KulichCole SchwindtTim Gettinger1044749%5:48
Power Play Defense
Line #DefenseDefensePHYDFOFWanted %Time %Time Play
1Logan StanleyChris Wideman0145362%7:18
2Jacob MacDonaldJordan Spence0144738%4:33
Penalty Kill 4 Players Forward
Line #CenterWingPHYDFOFWanted %Time %Time Play
1Cole SchwindtJakob Pelletier1315567%0:41
2Joseph LaBateZack Kassian1314533%0:20
Penalty Kill 4 Players Defense
Line #DefenseDefensePHYDFOFWanted %Time %Time Play
1Logan StanleyJack Thompson1315567%0:41
2Jacob MacDonaldMatthew Kessel1314533%0:20
Penalty Kill 3 Players
Line #WingPHYDFOFWanted %Time %Time PlayDefenseDefensePHYDFOFWanted %Time %Time Play
1Cole Schwindt131550%0:00 Logan StanleyJack Thompson131550%0:00
2Jakob Pelletier131450%0:00 Jacob MacDonaldMatthew Kessel131450%0:00
4 vs 4 Forward
Line #CenterWingPHYDFOFWanted %Time %Time Play
1Jakob PelletierZack Kassian032600%0:00
2Cole SchwindtJiri Kulich032400%0:00
4 vs 4 Defense
Line #DefensePHYDFOFWanted %Time %Time Play
1Logan StanleyJordan Spence122600%0:00
2Chris WidemanJack Thompson122400%0:00
Last Minutes Offensive
Left WingCenterRight WingDefenseDefense
Jakob PelletierT.J. TynanZack KassianLogan StanleyChris Wideman
Last Minutes Defensive
Left WingCenterRight WingDefenseDefense
Jakob PelletierCole SchwindtZack KassianLogan StanleyJacob MacDonald
Time
Total ForwardTotal DefenseLast Minutes OffensiveLast Minutes Defensive
60:00 60:00 0:000:00
Extra Forwards
Normal PowerPlayPenalty Kill
Zack Kassian, Jakob Pelletier, Cole SchwindtJeff Kubiak, Jacob PerreaultJeff Kubiak
Extra Defensemen
Normal PowerPlayPenalty Kill
Logan Stanley, Jacob MacDonald, Chris WidemanJack Thompson, Jack ThompsonChris Wideman
Penalty Shots
Jakob Pelletier, Zack Kassian, Jordan Spence, Cole Schwindt, Jiri Kulich
Goalie
Mads Sogaard, Jakub Skarek
Scratches
Jordie Benn (Healthy), Brandon Coe (Healthy), Egor Zamula (Healthy), Keean Washkurak (Healthy), Reece Newkirk (Healthy) Xavier Bernard (Healthy), Ronan Seeley (Healthy), Simon Edvinsson (Healthy), Tyrel Bauer (Healthy), Christopher Gibson (Healthy) Sebastian Cossa (Healthy)


Play-by-Play

1st period


0:01 of 1st period - Martin Frk wins face-off versus T.J. Tynan in neutral zone.
1:36 of 1st period - Wrist shot by Tim Gettinger.
1:36 of 1st period - Deflect By Cole Schwindt.
1:36 of 1st period - Stopped by Dustin Tokarski with a rebound.
1:38 of 1st period - Slapshot by Jordan Spence.
1:38 of 1st period - Stopped by Dustin Tokarski without a rebound.
1:39 of 1st period - Jeff Kubiak wins face-off versus Jayson Megna in Stars zone.
1:52 of 1st period - Slapshot by Markus Nurmi.
1:52 of 1st period - Shot Blocked by Ilya Solovyov.
2:11 of 1st period - Icing by Zack Kassian.
2:12 of 1st period - Riley Sheahan wins face-off versus T.J. Tynan in Griffins zone.
2:43 of 1st period - Snap shot by Markus Nurmi.
2:43 of 1st period - Shot Hit the Post.
2:45 of 1st period - Snap shot by Emil Heineman.
2:45 of 1st period - Shot Misses the Net.
2:47 of 1st period - Slapshot by Chris Wideman.
2:47 of 1st period - Shot Misses the Net.
4:33 of 1st period - Snap shot by Martin Frk.
4:33 of 1st period - Shot Misses the Net.
5:01 of 1st period - Off-side.
5:02 of 1st period - T.J. Tynan wins face-off versus Riley Sheahan in neutral zone.
5:07 of 1st period - Slapshot by Nikita Nesterenko.
5:07 of 1st period - Shot Blocked by Jack Thompson.
5:09 of 1st period - Slapshot by Calle Rosen.
5:09 of 1st period - Shot Misses the Net.
5:11 of 1st period - Slapshot by Nikita Nesterenko.
5:11 of 1st period - Shot Misses the Net.
5:15 of 1st period - Snap shot by Nikita Nesterenko.
5:15 of 1st period - Stopped by Mads Sogaard without a rebound.
5:16 of 1st period - Jeff Kubiak wins face-off versus Joel L'Esperance in Griffins zone.
5:16 of 1st period - Jeff Kubiak is hit by Joel L'Esperance.
5:26 of 1st period - Wrist shot by Joona Koppanen.
5:26 of 1st period - Goal by Joona Koppanen - Stars : 1 - Griffins : 0.
5:27 of 1st period - T.J. Tynan wins face-off versus Jayson Megna in neutral zone.
5:38 of 1st period - Snap shot by Jayson Megna.
5:38 of 1st period - Shot Misses the Net.
6:01 of 1st period - Snap shot by Justin Brazeau.
6:01 of 1st period - Stopped by Mads Sogaard without a rebound.
6:02 of 1st period - Cole Schwindt wins face-off versus Jayson Megna in Griffins zone.
6:09 of 1st period - Slapshot by Jacob MacDonald.
6:09 of 1st period - Stopped by Dustin Tokarski without a rebound.
6:10 of 1st period - Jayson Megna wins face-off versus Cole Schwindt in Stars zone.
6:17 of 1st period - Slapshot by Martin Frk.
6:17 of 1st period - Shot Misses the Net.
6:40 of 1st period - Wrist shot by Cole Schwindt.
6:40 of 1st period - Stopped by Dustin Tokarski with a rebound.
6:42 of 1st period - Snap shot by Tim Gettinger.
6:42 of 1st period - Stopped by Dustin Tokarski without a rebound.
6:43 of 1st period - T.J. Tynan wins face-off versus Nikita Nesterenko in Stars zone.
7:23 of 1st period - Slapshot by Riley Sheahan.
7:23 of 1st period - Stopped by Mads Sogaard with a rebound.
8:11 of 1st period - Minor Penalty to Ilya Solovyov for Hooking.
8:12 of 1st period - T.J. Tynan wins face-off versus Jayson Megna in Stars zone.
8:26 of 1st period - Snap shot by Drake Caggiula.
8:26 of 1st period - Deflect By Jakob Pelletier.
8:26 of 1st period - Stopped by Mads Sogaard with a rebound.
8:57 of 1st period - Off-side.
8:58 of 1st period - Jayson Megna wins face-off versus T.J. Tynan in neutral zone.
9:07 of 1st period - Snap shot by T.J. Tynan.
9:07 of 1st period - Stopped by Dustin Tokarski with a rebound.
9:09 of 1st period - Wrist shot by Jakob Pelletier.
9:09 of 1st period - Shot Misses the Net.
9:22 of 1st period - Icing by Jordan Spence.
9:23 of 1st period - Jayson Megna wins face-off versus Cole Schwindt in Griffins zone.
9:50 of 1st period - Wrist shot by Zack Kassian.
9:50 of 1st period - Deflect By Jakob Pelletier.
9:50 of 1st period - Shot Blocked by Kevin Connauton.
9:50 of 1st period - Puck is out of play.
9:51 of 1st period - Jayson Megna wins face-off versus Cole Schwindt in Stars zone.
10:05 of 1st period - Icing by Tim Gettinger.
10:06 of 1st period - Jayson Megna wins face-off versus Cole Schwindt in Griffins zone.
10:11 of 1st period - Penalty to Ilya Solovyov is over, Ilya Solovyov is back on ice.
10:11 of 1st period - Wrist shot by Drake Caggiula.
10:11 of 1st period - Shot Blocked by Chris Wideman.
10:21 of 1st period - Slapshot by Chris Wideman.
10:21 of 1st period - Stopped by Dustin Tokarski without a rebound.
10:22 of 1st period - T.J. Tynan wins face-off versus Riley Sheahan in Stars zone.
10:27 of 1st period - Wrist shot by Zack Kassian.
10:27 of 1st period - Stopped by Dustin Tokarski with a rebound.
10:47 of 1st period - Jayson Megna is hit by Emil Heineman and loses puck.
10:56 of 1st period - Wrist shot by Jayson Megna.
10:56 of 1st period - Stopped by Mads Sogaard without a rebound.
10:57 of 1st period - Joel L'Esperance wins face-off versus T.J. Tynan in Griffins zone.
11:23 of 1st period - Jayson Megna is hit by Cole Schwindt.
11:34 of 1st period - Icing by Logan Stanley.
11:35 of 1st period - Cole Schwindt wins face-off versus Riley Sheahan in Griffins zone.
12:06 of 1st period - Snap shot by Jesper Froden.
12:06 of 1st period - Stopped by Mads Sogaard without a rebound.
12:07 of 1st period - T.J. Tynan wins face-off versus Joel L'Esperance in Griffins zone.
12:07 of 1st period - T.J. Tynan is hit by Jesper Froden.
12:20 of 1st period - Wrist shot by T.J. Tynan.
12:20 of 1st period - Stopped by Dustin Tokarski without a rebound.
12:21 of 1st period - Jayson Megna wins face-off versus Jeff Kubiak in Stars zone.
13:16 of 1st period - Wrist shot by Ethen Frank.
13:16 of 1st period - Deflect By Zac Dalpe.
13:16 of 1st period - Shot Misses the Net.
13:16 of 1st period - Puck is out of play.
13:17 of 1st period - Zac Dalpe wins face-off versus Jeff Kubiak in Griffins zone.
13:27 of 1st period - Snap shot by Markus Nurmi.
13:27 of 1st period - Shot Blocked by Ryan Shea.
13:29 of 1st period - Slapshot by Jeff Kubiak.
13:29 of 1st period - Shot Misses the Net.
13:31 of 1st period - Snap shot by Jeff Kubiak.
13:31 of 1st period - Shot Blocked by Ethen Frank.
13:47 of 1st period - Matthew Kessel is hit by Jayson Megna and loses puck.
14:25 of 1st period - Jesper Froden is hit by Matthew Kessel.
14:47 of 1st period - Ilya Solovyov is hit by Chris Wideman and loses puck.
15:33 of 1st period - Slapshot by Jordan Spence.
15:33 of 1st period - Shot Blocked by Ethan Prow.
15:35 of 1st period - Wrist shot by Joseph LaBate.
15:35 of 1st period - Stopped by Dustin Tokarski without a rebound.
15:36 of 1st period - T.J. Tynan wins face-off versus Drake Caggiula in Stars zone.
15:47 of 1st period - Snap shot by T.J. Tynan.
15:47 of 1st period - Stopped by Dustin Tokarski with a rebound.
15:49 of 1st period - Snap shot by Zack Kassian.
15:49 of 1st period - Deflect By Jakob Pelletier.
15:49 of 1st period - Stopped by Dustin Tokarski without a rebound.
15:50 of 1st period - Cole Schwindt wins face-off versus Jayson Megna in Stars zone.
16:23 of 1st period - Slapshot by Calle Rosen.
16:23 of 1st period - Shot Misses the Net.
16:57 of 1st period - Ethen Frank is hit by Joseph LaBate and loses puck.
17:15 of 1st period - Off-side.
17:16 of 1st period - Cole Schwindt wins face-off versus Jayson Megna in neutral zone.
17:32 of 1st period - Icing by Tim Gettinger.
17:33 of 1st period - Riley Sheahan wins face-off versus Cole Schwindt in Griffins zone.
18:08 of 1st period - Ilya Solovyov is hit by Cole Schwindt and loses puck.
18:33 of 1st period - Wrist shot by Tim Gettinger.
18:33 of 1st period - Stopped by Dustin Tokarski with a rebound.
18:43 of 1st period - Snap shot by Jiri Kulich.
18:43 of 1st period - Stopped by Dustin Tokarski with a rebound.
18:45 of 1st period - Slapshot by Cole Schwindt.
18:45 of 1st period - Stopped by Dustin Tokarski with a rebound.
18:47 of 1st period - Wrist shot by Jacob MacDonald.
18:47 of 1st period - Shot Blocked by Eddie Wittchow.
18:49 of 1st period - Slapshot by Jacob MacDonald.
18:49 of 1st period - Shot Blocked by Eddie Wittchow.
18:51 of 1st period - Slapshot by Matthew Kessel.
18:51 of 1st period - Stopped by Dustin Tokarski with a rebound.
18:53 of 1st period - Snap shot by Tim Gettinger.
18:53 of 1st period - Shot Misses the Net.
18:55 of 1st period - Snap shot by Tim Gettinger.
18:55 of 1st period - Shot Misses the Net.
18:57 of 1st period - Snap shot by Jiri Kulich.
18:57 of 1st period - Stopped by Dustin Tokarski without a rebound.
18:58 of 1st period - Riley Sheahan wins face-off versus T.J. Tynan in Stars zone.
19:25 of 1st period - Joona Koppanen is hit by Chris Wideman and loses puck.
19:49 of 1st period - Slapshot by Chris Wideman.
19:49 of 1st period - Stopped by Dustin Tokarski without a rebound.
19:50 of 1st period - Mason Geertsen wins face-off versus Adam Brooks in Stars zone.
Goals for this period are 1 for Stars vs 0 for Griffins.
Shots for this period are 7 for Stars vs 18 for Griffins.

2nd period


0:01 of 2nd period - Jayson Megna wins face-off versus Zack Kassian in neutral zone.
0:04 of 2nd period - Slapshot by Jakob Pelletier.
0:04 of 2nd period - Shot Misses the Net.
0:06 of 2nd period - Snap shot by Jakob Pelletier.
0:06 of 2nd period - Goal by Jakob Pelletier - Stars : 1 - Griffins : 1.
0:07 of 2nd period - T.J. Tynan wins face-off versus Drake Caggiula in neutral zone.
0:10 of 2nd period - Wrist shot by Zack Kassian.
0:10 of 2nd period - Shot Misses the Net.
0:18 of 2nd period - Wrist shot by Jakob Pelletier.
0:18 of 2nd period - Stopped by Dustin Tokarski without a rebound.
0:19 of 2nd period - Jakob Pelletier wins face-off versus Jayson Megna in Stars zone.
0:20 of 2nd period - Slapshot by Zack Kassian.
0:20 of 2nd period - Stopped by Dustin Tokarski with a rebound.
0:46 of 2nd period - Riley Sheahan is hit by Emil Heineman.
1:20 of 2nd period - Wrist shot by Justin Brazeau.
1:20 of 2nd period - Stopped by Mads Sogaard with a rebound.
1:24 of 2nd period - Snap shot by Nikita Nesterenko.
1:24 of 2nd period - Shot Misses the Net.
1:34 of 2nd period - Snap shot by Riley Sheahan.
1:34 of 2nd period - Shot Misses the Net.
1:36 of 2nd period - Slapshot by Ryan Shea.
1:36 of 2nd period - Deflect By Justin Brazeau.
1:36 of 2nd period - Shot Misses the Net.
1:36 of 2nd period - Puck is out of play.
1:37 of 2nd period - Jayson Megna wins face-off versus T.J. Tynan in Griffins zone.
1:40 of 2nd period - Slapshot by Jayson Megna.
1:40 of 2nd period - Stopped by Mads Sogaard with a rebound.
1:46 of 2nd period - Snap shot by Jayson Megna.
1:46 of 2nd period - Stopped by Mads Sogaard with a rebound.
2:26 of 2nd period - Tim Gettinger is hit by Adam Brooks and loses puck.
2:45 of 2nd period - Martin Frk is hit by Jordan Spence.
3:01 of 2nd period - Joel L'Esperance is hit by Logan Stanley and loses puck.
3:17 of 2nd period - Slapshot by Jakob Pelletier.
3:17 of 2nd period - Stopped by Dustin Tokarski with a rebound.
3:19 of 2nd period - Slapshot by Chris Wideman.
3:19 of 2nd period - Stopped by Dustin Tokarski without a rebound.
3:20 of 2nd period - Jayson Megna wins face-off versus Markus Nurmi in Stars zone.
4:02 of 2nd period - Icing by Zack Kassian.
4:03 of 2nd period - Cole Schwindt wins face-off versus Joel L'Esperance in Griffins zone.
4:03 of 2nd period - Cole Schwindt is hit by Joona Koppanen.
4:11 of 2nd period - Joona Koppanen is hit by Chris Wideman and loses puck.
4:18 of 2nd period - Snap shot by Jesper Froden.
4:18 of 2nd period - Shot Misses the Net.
4:28 of 2nd period - Jakob Pelletier is hit by Jayson Megna.
4:38 of 2nd period - Snap shot by Jakob Pelletier.
4:38 of 2nd period - Stopped by Dustin Tokarski with a rebound.
6:00 of 2nd period - Snap shot by Drake Caggiula.
6:00 of 2nd period - Shot Blocked by Matthew Kessel.
6:02 of 2nd period - Wrist shot by Martin Frk.
6:02 of 2nd period - Shot Blocked by T.J. Tynan.
6:16 of 2nd period - Backhand shot by Markus Nurmi.
6:16 of 2nd period - Shot Blocked by Calle Rosen.
6:18 of 2nd period - Snap shot by Emil Heineman.
6:18 of 2nd period - Deflect By Jeff Kubiak.
6:18 of 2nd period - Stopped by Dustin Tokarski with a rebound.
6:20 of 2nd period - Wrist shot by Emil Heineman.
6:20 of 2nd period - Shot Misses the Net.
6:22 of 2nd period - Snap shot by Markus Nurmi.
6:22 of 2nd period - Stopped by Dustin Tokarski with a rebound.
7:12 of 2nd period - Wrist shot by Markus Nurmi.
7:12 of 2nd period - Shot Misses the Net.
7:14 of 2nd period - Slapshot by Jordan Spence.
7:14 of 2nd period - Shot Misses the Net.
7:18 of 2nd period - Slapshot by Chris Wideman.
7:18 of 2nd period - Stopped by Dustin Tokarski with a rebound.
7:20 of 2nd period - Wrist shot by Markus Nurmi.
7:20 of 2nd period - Stopped by Dustin Tokarski with a rebound.
7:42 of 2nd period - Snap shot by Drake Caggiula.
7:42 of 2nd period - Shot Blocked by Chris Wideman.
7:54 of 2nd period - Snap shot by Joel L'Esperance.
7:54 of 2nd period - Shot Blocked by Jack Thompson.
7:56 of 2nd period - Slapshot by Ilya Solovyov.
7:56 of 2nd period - Stopped by Mads Sogaard with a rebound.
7:58 of 2nd period - Snap shot by Eddie Wittchow.
7:58 of 2nd period - Shot Blocked by Cole Schwindt.
8:02 of 2nd period - Snap shot by Joel L'Esperance.
8:02 of 2nd period - Deflect By Jesper Froden.
8:02 of 2nd period - Deflect By Tim Gettinger.
8:02 of 2nd period - Shot Misses the Net.
8:02 of 2nd period - Puck is out of play.
8:03 of 2nd period - T.J. Tynan wins face-off versus Jayson Megna in Griffins zone.
8:59 of 2nd period - Ethan Prow is hit by Jordan Spence and loses puck.
10:15 of 2nd period - Slapshot by Joel L'Esperance.
10:15 of 2nd period - Shot Misses the Net.
10:21 of 2nd period - Snap shot by Joel L'Esperance.
10:21 of 2nd period - Stopped by Mads Sogaard with a rebound.
10:23 of 2nd period - Slapshot by Joona Koppanen.
10:23 of 2nd period - Stopped by Mads Sogaard with a rebound.
10:25 of 2nd period - Slapshot by Eddie Wittchow.
10:25 of 2nd period - Stopped by Mads Sogaard with a rebound.
10:43 of 2nd period - Slapshot by Chris Wideman.
10:43 of 2nd period - Stopped by Dustin Tokarski with a rebound.
10:45 of 2nd period - Snap shot by Jack Thompson.
10:45 of 2nd period - Deflect By Ethen Frank.
10:45 of 2nd period - Stopped by Dustin Tokarski without a rebound.
10:46 of 2nd period - Jayson Megna wins face-off versus T.J. Tynan in Stars zone.
11:13 of 2nd period - Cole Schwindt is hit by Joona Koppanen and loses puck.
11:37 of 2nd period - Riley Sheahan is hit by Emil Heineman and loses puck.
11:59 of 2nd period - Calle Rosen is hit by Jack Thompson and loses puck.
12:04 of 2nd period - Wrist shot by Logan Stanley.
12:04 of 2nd period - Deflect By Calle Rosen.
12:04 of 2nd period - Stopped by Dustin Tokarski without a rebound.
12:05 of 2nd period - Joseph LaBate wins face-off versus Jayson Megna in Stars zone.
13:45 of 2nd period - Snap shot by Jayson Megna.
13:45 of 2nd period - Stopped by Mads Sogaard with a rebound.
13:57 of 2nd period - Wrist shot by Nikita Nesterenko.
13:57 of 2nd period - Shot Misses the Net.
13:59 of 2nd period - Slapshot by Ethan Prow.
13:59 of 2nd period - Deflect By Chris Wideman.
13:59 of 2nd period - Stopped by Mads Sogaard with a rebound.
14:01 of 2nd period - Snap shot by Nikita Nesterenko.
14:01 of 2nd period - Shot Blocked by Jack Thompson.
14:19 of 2nd period - Slapshot by Jack Thompson.
14:19 of 2nd period - Stopped by Dustin Tokarski with a rebound.
14:21 of 2nd period - Slapshot by Cole Schwindt.
14:21 of 2nd period - Shot Blocked by Eddie Wittchow.
14:29 of 2nd period - Wrist shot by Cole Schwindt.
14:29 of 2nd period - Stopped by Dustin Tokarski with a rebound.
14:31 of 2nd period - Snap shot by Cole Schwindt.
14:31 of 2nd period - Shot Misses the Net.
15:01 of 2nd period - Slapshot by Martin Frk.
15:01 of 2nd period - Shot Blocked by Zack Kassian.
15:03 of 2nd period - Wrist shot by Ethen Frank.
15:03 of 2nd period - Stopped by Mads Sogaard without a rebound.
15:04 of 2nd period - Adam Brooks wins face-off versus T.J. Tynan in Griffins zone.
15:05 of 2nd period - Slapshot by Ethen Frank.
15:05 of 2nd period - Deflect By Zac Dalpe.
15:05 of 2nd period - Shot Blocked by T.J. Tynan.
15:05 of 2nd period - Puck is out of play.
15:06 of 2nd period - T.J. Tynan wins face-off versus Adam Brooks in Griffins zone.
15:12 of 2nd period - Off-side.
15:13 of 2nd period - T.J. Tynan wins face-off versus Jayson Megna in neutral zone.
15:46 of 2nd period - Slapshot by Justin Brazeau.
15:46 of 2nd period - Stopped by Mads Sogaard with a rebound.
15:48 of 2nd period - Slapshot by Calle Rosen.
15:48 of 2nd period - Stopped by Mads Sogaard without a rebound.
15:49 of 2nd period - Jayson Megna wins face-off versus T.J. Tynan in Griffins zone.
15:56 of 2nd period - Snap shot by Drake Caggiula.
15:56 of 2nd period - Deflect By Jayson Megna.
15:56 of 2nd period - Stopped by Mads Sogaard with a rebound.
16:14 of 2nd period - Ethan Prow is hit by Tim Gettinger and loses puck.
17:15 of 2nd period - Off-side.
17:16 of 2nd period - Joseph LaBate wins face-off versus Jayson Megna in neutral zone.
17:21 of 2nd period - Backhand shot by Chris Wideman.
17:21 of 2nd period - Shot Blocked by Eddie Wittchow.
17:23 of 2nd period - Snap shot by Joseph LaBate.
17:23 of 2nd period - Stopped by Dustin Tokarski with a rebound.
17:25 of 2nd period - Slapshot by Jack Thompson.
17:25 of 2nd period - Shot Misses the Net.
17:29 of 2nd period - Slapshot by Jacob Perreault.
17:29 of 2nd period - Shot Blocked by Ilya Solovyov.
17:37 of 2nd period - Minor Penalty to Ilya Solovyov for Hooking.
17:38 of 2nd period - Jayson Megna wins face-off versus T.J. Tynan in Stars zone.
17:49 of 2nd period - Wrist shot by T.J. Tynan.
17:49 of 2nd period - Stopped by Dustin Tokarski with a rebound.
17:51 of 2nd period - Snap shot by Zack Kassian.
17:51 of 2nd period - Stopped by Dustin Tokarski without a rebound.
17:52 of 2nd period - Jayson Megna wins face-off versus T.J. Tynan in Stars zone.
18:01 of 2nd period - Slapshot by T.J. Tynan.
18:01 of 2nd period - Shot Blocked by Kevin Connauton.
18:03 of 2nd period - Backhand shot by Chris Wideman.
18:03 of 2nd period - Shot Misses the Net.
18:05 of 2nd period - Slapshot by Chris Wideman.
18:05 of 2nd period - Stopped by Dustin Tokarski without a rebound.
18:06 of 2nd period - T.J. Tynan wins face-off versus Jayson Megna in Stars zone.
18:09 of 2nd period - Snap shot by Zack Kassian.
18:09 of 2nd period - Stopped by Dustin Tokarski with a rebound.
18:11 of 2nd period - Slapshot by Chris Wideman.
18:11 of 2nd period - Shot Misses the Net.
18:13 of 2nd period - Slapshot by Logan Stanley.
18:13 of 2nd period - Deflect By Zack Kassian.
18:13 of 2nd period - Stopped by Dustin Tokarski with a rebound.
18:15 of 2nd period - Slapshot by Chris Wideman.
18:15 of 2nd period - Deflect By Kevin Connauton.
18:15 of 2nd period - Stopped by Dustin Tokarski with a rebound.
18:17 of 2nd period - Wrist shot by Jakob Pelletier.
18:17 of 2nd period - Shot Blocked by Jayson Megna.
18:41 of 2nd period - Snap shot by Cole Schwindt.
18:41 of 2nd period - Shot Blocked by Drake Caggiula.
19:11 of 2nd period - Snap shot by Joona Koppanen.
19:11 of 2nd period - Shot Misses the Net.
19:13 of 2nd period - Snap shot by Joona Koppanen.
19:13 of 2nd period - Stopped by Mads Sogaard without a rebound.
19:14 of 2nd period - Cole Schwindt wins face-off versus Justin Brazeau in Griffins zone.
19:37 of 2nd period - Penalty to Ilya Solovyov is over, Ilya Solovyov is back on ice.
Goals for this period are 0 for Stars vs 1 for Griffins.
Shots for this period are 14 for Stars vs 22 for Griffins.

3rd period


0:01 of 3rd period - T.J. Tynan wins face-off versus Jayson Megna in neutral zone.
0:27 of 3rd period - Calle Rosen is hit by Jack Thompson and loses puck.
0:46 of 3rd period - Jeff Kubiak is hit by Joel L'Esperance and loses puck.
1:07 of 3rd period - Logan Stanley is hit by Ethan Prow.
1:25 of 3rd period - Joona Koppanen is hit by Jeff Kubiak.
2:07 of 3rd period - Snap shot by Markus Nurmi.
2:07 of 3rd period - Deflect By Jesper Froden.
2:07 of 3rd period - Shot Misses the Net.
2:07 of 3rd period - Puck is out of play.
2:08 of 3rd period - Jayson Megna wins face-off versus Zack Kassian in Stars zone.
2:08 of 3rd period - Jayson Megna is hit by T.J. Tynan.
2:11 of 3rd period - Minor Penalty to Calle Rosen for Hooking.
2:12 of 3rd period - Jayson Megna wins face-off versus T.J. Tynan in Stars zone.
2:20 of 3rd period - Drake Caggiula is hit by Logan Stanley and loses puck.
2:45 of 3rd period - Ryan Shea is hit by Tim Gettinger and loses puck.
3:06 of 3rd period - Icing by Jakob Pelletier.
3:07 of 3rd period - Justin Brazeau wins face-off versus T.J. Tynan in Griffins zone.
3:56 of 3rd period - Ilya Solovyov is hit by T.J. Tynan and loses puck.
4:11 of 3rd period - Penalty to Calle Rosen is over, Calle Rosen is back on ice.
4:29 of 3rd period - Snap shot by Jeff Kubiak.
4:29 of 3rd period - Deflect By Markus Nurmi.
4:29 of 3rd period - Shot Misses the Net.
4:29 of 3rd period - Puck is out of play.
4:30 of 3rd period - Riley Sheahan wins face-off versus Cole Schwindt in Stars zone.
4:30 of 3rd period - Riley Sheahan is hit by Cole Schwindt.
4:52 of 3rd period - Minor Penalty to Eddie Wittchow for Holding Stick.
4:53 of 3rd period - Jayson Megna wins face-off versus T.J. Tynan in Stars zone.
4:53 of 3rd period - Jayson Megna is hit by Zack Kassian.
5:26 of 3rd period - Icing by Chris Wideman.
5:27 of 3rd period - Riley Sheahan wins face-off versus Cole Schwindt in Griffins zone.
6:47 of 3rd period - Slapshot by Cole Schwindt.
6:47 of 3rd period - Deflect By Joel L'Esperance.
6:47 of 3rd period - Stopped by Dustin Tokarski with a rebound.
6:49 of 3rd period - Snap shot by Cole Schwindt.
6:49 of 3rd period - Shot Blocked by Ethan Prow.
6:52 of 3rd period - Penalty to Eddie Wittchow is over, Eddie Wittchow is back on ice.
7:06 of 3rd period - Joel L'Esperance is hit by Tim Gettinger and loses puck.
7:10 of 3rd period - Icing by Ryan Shea.
7:11 of 3rd period - Eddie Wittchow wins face-off versus T.J. Tynan in Stars zone.
7:42 of 3rd period - Icing by Markus Nurmi.
7:43 of 3rd period - Jayson Megna wins face-off versus Jeff Kubiak in Griffins zone.
7:56 of 3rd period - Minor Penalty to Martin Frk for Interference.
7:57 of 3rd period - Jayson Megna wins face-off versus T.J. Tynan in Stars zone.
8:02 of 3rd period - Icing by T.J. Tynan.
8:03 of 3rd period - T.J. Tynan wins face-off versus Jayson Megna in Griffins zone.
9:25 of 3rd period - Icing by Chris Wideman.
9:26 of 3rd period - Jayson Megna wins face-off versus Cole Schwindt in Griffins zone.
9:56 of 3rd period - Penalty to Martin Frk is over, Martin Frk is back on ice.
10:23 of 3rd period - Calle Rosen is hit by Mason Geertsen and loses puck.
10:48 of 3rd period - Jiri Kulich is hit by Joel L'Esperance and loses puck.
11:09 of 3rd period - Slapshot by Ethen Frank.
11:09 of 3rd period - Shot Misses the Net.
11:11 of 3rd period - Wrist shot by Zac Dalpe.
11:11 of 3rd period - Stopped by Mads Sogaard without a rebound.
11:12 of 3rd period - Adam Brooks wins face-off versus T.J. Tynan in Griffins zone.
11:19 of 3rd period - Wrist shot by Ethen Frank.
11:19 of 3rd period - Stopped by Mads Sogaard with a rebound.
11:21 of 3rd period - Slapshot by Zac Dalpe.
11:21 of 3rd period - Stopped by Mads Sogaard without a rebound.
11:22 of 3rd period - T.J. Tynan wins face-off versus Adam Brooks in Griffins zone.
11:22 of 3rd period - T.J. Tynan is hit by Ethen Frank.
11:44 of 3rd period - Snap shot by Ryan Shea.
11:44 of 3rd period - Stopped by Mads Sogaard without a rebound.
11:45 of 3rd period - Jayson Megna wins face-off versus Jiri Kulich in Griffins zone.
11:50 of 3rd period - Backhand shot by Drake Caggiula.
11:50 of 3rd period - Shot Blocked by Jacob MacDonald.
12:17 of 3rd period - Ethen Frank is hit by Zack Kassian and loses puck.
12:34 of 3rd period - Wrist shot by Nikita Nesterenko.
12:34 of 3rd period - Deflect By Riley Sheahan.
12:34 of 3rd period - Goal by Riley Sheahan - Stars : 2 - Griffins : 1.
12:35 of 3rd period - Jayson Megna wins face-off versus T.J. Tynan in neutral zone.
13:14 of 3rd period - Icing by Jacob MacDonald.
13:15 of 3rd period - Cole Schwindt wins face-off versus Jayson Megna in Griffins zone.
13:32 of 3rd period - Wrist shot by Jacob MacDonald.
13:32 of 3rd period - Stopped by Dustin Tokarski without a rebound.
13:33 of 3rd period - Riley Sheahan wins face-off versus T.J. Tynan in Stars zone.
13:40 of 3rd period - Wrist shot by Nikita Nesterenko.
13:40 of 3rd period - Shot Misses the Net.
13:42 of 3rd period - Backhand shot by Riley Sheahan.
13:42 of 3rd period - Goal by Riley Sheahan - Stars : 3 - Griffins : 1.
13:43 of 3rd period - Jayson Megna wins face-off versus T.J. Tynan in neutral zone.
13:51 of 3rd period - Off-side.
13:52 of 3rd period - T.J. Tynan wins face-off versus Jayson Megna in neutral zone.
13:55 of 3rd period - Slapshot by Logan Stanley.
13:55 of 3rd period - Shot Blocked by Drake Caggiula.
14:15 of 3rd period - Slapshot by Drake Caggiula.
14:15 of 3rd period - Shot Misses the Net.
14:17 of 3rd period - Slapshot by Kevin Connauton.
14:17 of 3rd period - Deflect By Jayson Megna.
14:17 of 3rd period - Shot Blocked by Logan Stanley.
14:17 of 3rd period - Puck is out of play.
14:18 of 3rd period - Cole Schwindt wins face-off versus Riley Sheahan in Griffins zone.
14:25 of 3rd period - Snap shot by Cole Schwindt.
14:25 of 3rd period - Stopped by Dustin Tokarski with a rebound.
14:39 of 3rd period - Minor Penalty to Chris Wideman for Roughing.
14:40 of 3rd period - Jayson Megna wins face-off versus Cole Schwindt in Griffins zone.
14:51 of 3rd period - Slapshot by Calle Rosen.
14:51 of 3rd period - Shot Misses the Net.
14:53 of 3rd period - Slapshot by Drake Caggiula.
14:53 of 3rd period - Stopped by Mads Sogaard without a rebound.
14:54 of 3rd period - Jayson Megna wins face-off versus Cole Schwindt in Griffins zone.
15:19 of 3rd period - Riley Sheahan is hit by Zack Kassian and loses puck.
15:26 of 3rd period - Slapshot by Jacob MacDonald.
15:26 of 3rd period - Shot Blocked by Calle Rosen.
15:28 of 3rd period - Snap shot by Joseph LaBate.
15:28 of 3rd period - Stopped by Dustin Tokarski with a rebound.
15:30 of 3rd period - Backhand shot by Jacob MacDonald.
15:30 of 3rd period - Shot Misses the Net.
15:40 of 3rd period - Snap shot by Martin Frk.
15:40 of 3rd period - Goal by Martin Frk - Stars : 4 - Griffins : 1.
15:41 of 3rd period - Cole Schwindt wins face-off versus Jayson Megna in neutral zone.
15:52 of 3rd period - Chris Wideman is hit by Martin Frk and loses puck.
16:07 of 3rd period - T.J. Tynan is hit by Ryan Shea and loses puck.
16:14 of 3rd period - Slapshot by Joel L'Esperance.
16:14 of 3rd period - Stopped by Mads Sogaard with a rebound.
16:16 of 3rd period - Slapshot by Kevin Connauton.
16:16 of 3rd period - Stopped by Mads Sogaard with a rebound.
16:18 of 3rd period - Snap shot by Joona Koppanen.
16:18 of 3rd period - Goal by Joona Koppanen - Stars : 5 - Griffins : 1.
16:19 of 3rd period - T.J. Tynan wins face-off versus Jayson Megna in neutral zone.
17:57 of 3rd period - Slapshot by Jakob Pelletier.
17:57 of 3rd period - Stopped by Dustin Tokarski with a rebound.
18:03 of 3rd period - Minor Penalty to Nikita Nesterenko for Hooking.
18:04 of 3rd period - Jayson Megna wins face-off versus T.J. Tynan in Stars zone.
18:07 of 3rd period - Snap shot by Zack Kassian.
18:07 of 3rd period - Stopped by Dustin Tokarski with a rebound.
Goals for this period are 4 for Stars vs 0 for Griffins.
Shots for this period are 11 for Stars vs 6 for Griffins.